 Dungeon Crawl Stone Soup version 0.21.1-1-g345015f (webtiles) character file.

98 Fang the Skirmisher (level 4, 0/29 HPs)
             Began as a Gargoyle Berserker on May 9, 2018.
             Was a Believer of Trog.
             Slain by an ice beast (3 damage)
             ... on level 2 of the Dungeon.
             The game lasted 00:01:06 (722 turns).

Fang the Skirmisher (Gargoyle Berserker)             Turns: 722, Time: 00:01:06

Health: 0/29       AC: 16    Str: 21    XL:     4   Next: 71%
Magic:  4/4        EV: 10    Int:  8    God:    Trog [**....]
Gold:   13         SH:  0    Dex:  9    Spells: 3/3 levels left

rFire    . . .     SeeInvis .   a - +0 hand axe
rCold    . . .     Gourm    .   (no shield)
rNeg     + . .     Faith    .   i - +3 scale mail {rPois}
rPois    ∞         Spirit   .   g - +2 helmet
rElec    +         Reflect  .   (no cloak)
rCorr    .         Harm     .   (no gloves)
MR       .....                  (no boots)
Stlth    ..........             (no amulet)
HPRegen  0.09/turn              (no ring)
MPRegen  0.09/turn              (no ring)

@: berserk cooldown, starving, slowed, very slow
A: negative energy resistance 1, electricity resistance, unbreathing,
petrification resistance, rot immunity, AC +3
a: Berserk, Trog's Hand, Burn Spellbooks, Renounce Religion


You were on level 2 of the Dungeon.
You worshipped Trog.
Trog was pleased with you.
You were starving.

You visited 1 branch of the dungeon, and saw 2 of its levels.

You collected 13 gold pieces.

Inventory:

Hand Weapons
 a - a +0 hand axe (weapon)
Armour
 g - a +2 helmet (worn)
 i - a +3 scale mail of poison resistance (worn)
Wands
 h - a wand of random effects (26)
Scrolls
 d - 2 scrolls of identify {unknown}
 f - a scroll of enchant armour {unknown}
Potions
 b - a potion of resistance {unknown}
 e - a potion of ambrosia {unknown}
Comestibles
 c - a ration


   Skills:
 + Level 4.1 Fighting
 + Level 3.9 Axes
 + Level 2.2 Armour
 + Level 2.1 Dodging
 + Level 0.3 Stealth


You had 3 spell levels left.
You didn't know any spells.

Dungeon Overview and Level Annotations

Branches:
Dungeon (2/15)

Altars:


Innate Abilities, Weirdness & Mutations

You are resistant to torment.
Your stone body is resilient. (AC +3)
You are immune to poison.
You resist negative energy. (rN+)
You are resistant to electric shocks. (rElec)
You can survive without breathing.
You are immune to petrification.
You are immune to rotting.


Message History

The ice beast hits you. The ice beast freezes you!
You hit the ice beast.
The ice beast is almost dead.
You hit the ice beast.
The ice beast is almost dead.
You are no longer berserk.
You are exhausted.
You feel yourself slow down. The ice beast barely misses you.
You hit the ice beast but do no damage.
The ice beast is almost dead.
The ice beast hits you. The ice beast freezes you!
* * * LOW HITPOINT WARNING * * *
The ice beast hits you but does no damage.
You hit the ice beast but do no damage.
The ice beast is almost dead.
The ice beast barely misses you.
You hit the ice beast but do no damage.
The ice beast is almost dead.
The ice beast hits you.
You die...

#.# #.# ## ##.# ####
#. #..#########.#.
##.###.#............
#........########...
#.....#### ###.
.#..###†### ##
......Y@# ########
........# ......^.
(......## ######.
≈≈≈.... #. ≈≈≈...#
#. ≈≈≈.#. ## ≈≈≈...
≈≈≈.##


You could see an ice beast.

Vanquished Creatures
  Terence (D:2)
  Robin (D:2)
  3 adders (D:2)
  A dart slug (D:2)
  2 bats (D:2)
  11 goblins (D:2)
  5 hobgoblins
  2 jackals (D:2)
  A quokka (D:2)
  3 frilled lizards
  A kobold (D:2)
  3 rats
34 creatures vanquished.

Notes
Turn   | Place    | Note
-------+----------+-------------------------------------------
     0 | D:1      | Fang the Gargoyle Berserker began the quest for the Orb.
     0 | D:1      | Reached XP level 1. HP: 14/14 MP: 1/1
   151 | D:2      | Reached XP level 2. HP: 19/19 MP: 2/2
   162 | D:2      | Noticed Terence
   171 | D:2      | Killed Terence
   171 | D:2      | Reached XP level 3. HP: 9/24 MP: 3/3
   472 | D:2      | Noticed Robin
   477 | D:2      | Reached skill level 4 in Fighting
   478 | D:2      | Reached XP level 4. HP: 29/29 MP: 4/4
   488 | D:2      | Killed Robin
   669 | D:2      | Reached ** piety under Trog
   702 | D:2      | Noticed an ice beast
   722 | D:2      | Slain by an ice beast

Skill      XL: |  1  2  3 |
---------------+----------+-----
Axes           | 3 |  3.9
Fighting       | 4 |  4.1
Dodging        | 2 |  2.1
Armour         | |  2.2
Stealth        | |  0.3

Action                   |  1- 3 |  4- 6 || total
-------------------------+-------+-------++-------
Melee: Hand axe          |    43 |    39 ||    82
Invok: Berserk           |     2 |     1 ||     3
Armor: Animal skin       |    11 |    11 ||    22
       Scale mail        |       |    20 ||    20
Dodge: Dodged            |    34 |    23 ||    57
